 Dungeon Crawl Stone Soup version 0.31-a0-360-gb3e1d13bf4 (webtiles) character file.

Game seed: 2713481400327156374

1575 LeprechaunX the Ruffian (level 8, -3/54 HPs)
             Began as an Octopode Shapeshifter on July 26, 2023.
             Slain by a wraith (13 damage)
             ... on level 6 of the Dungeon.
             The game lasted 00:05:25 (3686 turns).

LeprechaunX the Ruffian (Octopode Shapeshifter)     Turns: 3686, Time: 00:05:25

Health: -3/54      AC:  1    Str: 19    XL:     8   Next: 91%
Magic:  13/13      EV: 14    Int: 11    God:
Gold:   323        SH:  0    Dex: 12    Spells: 11/13 levels left

rFire   + +          .
                       - Unarmed
rCold   . . .        (no shield)
rNeg    + + .        (helmet currently unavailable)
rPois   +            n - amulet of the Imbibing Jester {Fragile rF+ rN++ Regen+ Str+3}
rElec   .            g - ring of poison resistance
rCorr   .            o - ring of willpower
SInv    .            z - ring of protection from fire
Will    +....        (no ring)
Stlth   ++           (no ring)
HPRegen 1.09/turn    (no ring)
MPRegen 0.13/turn    (no ring)
                     (no ring)

%: no passive effects
@: beast-form, slowed, very slow
A: beast (slay +3), almost no armour, amphibious, 8 rings, camouflage 1,
gelatinous body 1, (nimble swimmer 1), tentacles
a: Begin Untransformation


You were on level 6 of the Dungeon.
You were a hulking beast.
You visited 1 branch of the dungeon, and saw 6 of its levels.

You collected 323 gold pieces.

Inventory:

Jewellery
 g - a ring of poison resistance (left tentacle)
 n - the amulet of the Imbibing Jester (around mantle) {Fragile rF+ rN++ Regen+ Str+3}
   (You found it on level 3 of the Dungeon)

   [amulet of regeneration]

   Str:       It affects your strength (+3).
   rF:        It protects you from fire.
   rN:        It greatly protects you from negative energy.
   Regen:     It increases your rate of health regeneration.
   Fragile:   It will be destroyed if unequipped.
 o - a ring of willpower (right tentacle)
 z - a ring of protection from fire (on tentacle)
Talismans
 b - a beast talisman
Wands
 l - a wand of acid (3)
 s - a wand of mindburst (8)
 v - a wand of flame (15)
Scrolls
 a - a scroll of torment {unknown}
 c - a scroll of immolation {unknown}
 e - 2 scrolls of fear {unknown}
 h - 2 scrolls of blinking {unknown}
 i - 3 scrolls of enchant weapon {unknown}
 j - 2 scrolls of enchant armour {unknown}
 p - 3 scrolls of identify {unknown}
 q - 3 scrolls of teleportation {unknown}
 t - a scroll of fog {unknown}
 u - a scroll of poison {unknown}
 w - a scroll of silence {unknown}
 y - a scroll of vulnerability {unknown}
Potions
 d - a potion of haste {unknown}
 f - a potion of cancellation {unknown}
 k - a potion of might {unknown}
 m - 3 potions of curing {unknown}
 r - 2 potions of berserk rage {unknown}
 x - a potion of brilliance {unknown}


   Skills:
 + Level 4.4 Fighting
 + Level 4.9 Dodging
 * Level 7.0 Unarmed Combat
 + Level 3.4 Spellcasting
 + Level 4.7 Shapeshifting


You had 11 spell levels left.
You knew the following spells:

 Your Spells              Type           Power      Damage    Failure   Level
a - Wereblood             Tmut           1%         N/A       36%         2

Your spell library contained the following spells:

 Spells                   Type           Power      Damage    Failure   Level
 Cigotuvi's Dreadful Rot  Necr/Pois/Air  2%         N/A       36%         2
 Sublimation of Blood     Necr           1%         N/A       36%         2
 Summon Guardian Golem    Hex/Summ       1%         N/A       58%         3
 Dispel Undead            Necr           1%         3d6       94%         4
 Death Channel            Necr           0%         N/A       100%        6
 Orb of Destruction       Conj           0%         9d5       100%        7
 Spellforged Servitor     Conj/Summ      0%         N/A       100%        7
 Summon Hydra             Summ           0%         N/A       100%        7


Dungeon Overview and Level Annotations

Branches:
Dungeon (6/15)
 Temple: D:4-7

Altars:
Qazlal
Uskayaw
Vehumet

Shops:
D:2 ?


Innate Abilities, Weirdness & Mutations

You are a hulking beast.
Your limbs bulge with bestial killing power. (Slay +3)
You cannot wear most types of armour.
You are amphibious.
You can wear up to eight rings at the same time.
Your skin changes colour to match your surroundings (Stealth+).
Your rubbery body absorbs attacks. (AC +1, EV +1)
((You are camouflaged when in or above water. (Stealth+)))
You have tentacles for arms and can constrict up to eight enemies at once.


Message History

You closely miss the orc. You grab the orc. You constrict the orc.
The orc closely misses you.
You bludgeon the orc!
You kill the orc!
You tentacle-slap the orc priest. You grab the orc priest.
You squeeze the orc priest!
The orc priest is almost dead.
You constrict the orc priest.
You kill the orc priest!
You closely miss the wraith. You squeeze the wraith.
The wraith is lightly damaged.
The wraith hits you!
You tentacle-slap the wraith but do no damage.
The wraith is lightly damaged.
You closely miss the wraith.
You squeeze the wraith, but do no damage.
The wraith is lightly damaged.
The wraith hits you. The wraith drains your vigour!
You feel yourself slow down.
You barely miss the wraith.
The wraith is lightly damaged.
The wraith barely misses you. The wraith closely misses you.
You bludgeon the wraith!
The wraith is heavily damaged.
The wraith hits you.
You tentacle-slap the wraith.
The wraith is heavily damaged.
The wraith hits you.
You barely miss the wraith. Your squeeze misses the wraith.
The wraith is heavily damaged.
The wraith hits you! The wraith drains your vigour!
You feel as though you will be slow longer.
The wraith hits you!
* * * LOW HITPOINT WARNING * * *
You tentacle-slap the wraith but do no damage.
You tentacle-slap the wraith, but do no damage.
Your squeeze misses the wraith.
The wraith is heavily damaged.
The wraith hits you!
You die...

#........# #.......)#
#........###........#
#........##.W.......'
#####.......[+ ....o....#
###...'.....†..# #........#
......#........# #o.......#
......###...#### #........#
..†..>....#.######........#
.....>..........hW........+
............######........#
............# ##########
............#
......####..####### ......#
#........#
###+######........#
#........÷......#
###########.......#


You could see a wraith.

Vanquished Creatures
  Eustachio (D:4)
  A steam dragon (D:6)
  A water moccasin (D:6)
  An ogre (D:3)
  2 black bears
  2 phantoms
  2 scorpions
  5 orc priests
  Natasha (D:2)
  6 iguanas
  3 orc wizards
  9 adders
  4 gnolls (D:4)
  A shadow imp (D:6)
  A worm (D:3)
  6 dart slugs
  16 orcs
  13 ball pythons
  5 endoplasms
  2 giant cockroaches (D:1)
  7 goblins
  6 hobgoblins
  3 jackals (D:1)
  3 quokkas
  9 bats
  8 frilled lizards
  5 kobolds
  8 rats
131 creatures vanquished.

Notes
Turn   | Place    | Note
-------+----------+-------------------------------------------
     0 | D:1      | LeprechaunX the Octopode Shapeshifter began the quest for
                  | the Orb.
     0 | D:1      | Reached XP level 1. HP: 13/13 MP: 1/1
   101 | D:1      | Reached XP level 2. HP: 18/18 MP: 2/2
   240 | D:1      | Reached XP level 3. HP: 5/23 MP: 3/3
   718 | D:2      | Reached XP level 4. HP: 29/29 MP: 4/4
   852 | D:2      | Noticed Natasha
   862 | D:2      | Found a faded altar of an unknown god.
   868 | D:2      | Killed Natasha
   869 | D:2      | Reached skill level 4 in Unarmed Combat
  1177 | D:2      | Reached XP level 5. HP: 34/34 MP: 6/6
  1314 | D:2      | Found Exeegic's Magic Scroll Boutique.
  1556 | D:3      | Reached skill level 1 in Spellcasting
  1704 | D:3      | Noticed an ogre
  1714 | D:3      | Killed an ogre
  1715 | D:3      | Reached XP level 6. HP: 8/41 MP: 6/8
  1943 | D:3      | Noticed a +0 short sword
  1944 | D:3      | Noticed a +0 spear
  1945 | D:3      | Noticed a +0 short sword
  1945 | D:3      | Noticed a +0 spear
  1945 | D:3      | Noticed a +0 dagger
  1945 | D:3      | Noticed a +0 dagger
  1946 | D:3      | Noticed a +0 falchion
  1948 | D:3      | Noticed a +0 falchion
  1993 | D:3      | Found a hide-covered altar of Uskayaw.
  1994 | D:3      | Identified the amulet of the Imbibing Jester {Fragile rF+
                  | rN++ Regen+ Str+3}
  2126 | D:3      | Reached skill level 5 in Unarmed Combat
  2331 | D:4      | Reached XP level 7. HP: 45/45 MP: 8/10
  2374 | D:4      | Learned a level 2 spell: Wereblood
  2552 | D:4      | Noticed Eustachio
  2561 | D:4      | Killed Eustachio
  2727 | D:4      | Reached skill level 6 in Unarmed Combat
  2727 | D:4      | Reached XP level 8. HP: 23/53 MP: 10/12
  2791 | D:4      | Found a stormy altar of Qazlal.
  3057 | D:5      | Entered Level 5 of the Dungeon
  3298 | D:5      | Found a radiant altar of Vehumet.
  3610 | D:6      | Reached skill level 7 in Unarmed Combat
  3665 | D:6      | Noticed a wraith
  3686 | D:6      | Slain by a wraith

Illustrated notes

Levels and vault maps discovered:
D:1:      erik_arrival_orb_chamber, layout_rooms
D:2:      layout_loops_ring, serial_shops, nicolae_shop_peninsula,
          ebering_ecumenical_altar_ruins, minmay_distorted, uniq_natasha
D:3:      layout_rooms, nicolae_uskayaw_en_pointe
D:4:      layout_loops_cross, mainiacjoe_overflow_six_doors_small,
          uniq_eustachio
D:5:      layout_rooms, vehumet_altar_wand_db
D:6:      layout_basic

Skill      XL: |  1  2  3  4  5  6  7  8 |
---------------+-------------------------+-----
Unarmed Combat | 4 5 6 7 |  7.0
Fighting       | 2 3 4 |  4.4
Spellcasting   | 1 2 3 |  3.4
Dodging        | 3 4 |  4.9
Shapeshifting  | 4 |  4.7

Action                     |  1- 3 |  4- 6 |  7- 9 || total
---------------------------+-------+-------+-------++-------
  Melee: Unarmed           |    64 |    88 |   106 ||   258
         Constrict         |    16 |    23 |    33 ||    72
         Tentacles         |     7 |    21 |    31 ||    59
         Punch             |     2 |     1 |     5 ||     8
    Use: Potion            |       |     1 |       ||     1
   Stab: Sleeping          |    10 |     5 |     4 ||    19
 Armour: Skin              |     6 |    14 |     1 ||    21
  Dodge: Dodged            |    23 |    39 |    43 ||   105

Table legend: (Time is in decaauts)
 A = Elapsed time spent in this place.
 B = Non-inter-level travel time spent in this place.
 C = Inter-level travel time spent in this place.
 D = Time resting spent in this place.
 E = Time spent auto-exploring this place.
 F = Levels seen in this place.
 G = Mean time per level.
                   A        B        C        D        E       F      G
               +--------+--------+--------+--------+--------+-----+--------+
         Total |   3666 |   3508 |    158 |    370 |   2436 |   6 |  611.0 |
       Dungeon |   3666 |   3508 |    158 |    370 |   2436 |   6 |  611.0 |
               +--------+--------+--------+--------+--------+-----+--------+

Top non-repeatable levels by time:
     D:2: 921 daAuts
     D:3: 885 daAuts
     D:4: 727 daAuts
     D:1: 509 daAuts
     D:5: 362 daAuts
     D:6: 259 daAuts
